[ PARTIDA AOE2 · #473635766 ]
UnrankedBirmanos vs Khitans
Equipo del jugador · VICT
Equipo rival · DERR
[ ANÁLISIS DE REPETICIÓN · EXTRAÍDO DE LA PARTIDA GRABADA ]
Feudal
10:31
Castillos
14:40
Imperial
—
| APM promedio | 55.6 |
| APM pico | 101 |
| eAPM promedio | 23.4 |
| Aldeanos / militares | 61 / 17 |
Foco
⚔️ 16.5% · 🌾 83.5%
Arambai ×8 · Mangonel ×4 · Monk ×3 · Battering Ram ×2
Feudal
9:50
Castillos
20:31
Imperial
—
| APM promedio | 45.3 |
| APM pico | 81 |
| eAPM promedio | 19.0 |
| Aldeanos / militares | 67 / 28 |
Foco
⚔️ 37.2% · 🌾 62.8%
Archer ×23 · Iron Pagoda ×3 · Scout Cavalry ×2
Mapa de la partida
Recursos iniciales + cada clic de construcción. Líneas = muros · curvas = relieve. ◆ oro · ⬟ piedra · ● bayas · ✦ reliquia · ◌ hueco del cierre
Tu base· Abierta — el rival se encerró
Base de LittleHog· ✓ Cerrada en 20:31 · 52t muro · sin puerta
Terreno inicial suavizado · ◌ = hueco del cierre detectado · pasá el cursor para detalles
Inputs por minuto
— Big Dota - - LittleHog
Build order — Big Dota
129 acciones detectadas en el replay
| 0:00 | Crear | Villager (Male) |
| 0:02 | Construir | House |
| 0:03 | Construir | House |
| 0:07 | Crear | Villager (Male) |
| 0:08 | Crear | Villager (Male) |
| 0:16 | Crear | Villager (Male) |
| 0:16 | Crear | Villager (Male) |
| 1:36 | Crear | Villager (Male) |
| 1:36 | Crear | Villager (Male) |
| 1:54 | Construir | Lumber Camp |
| 1:59 | Crear | Villager (Male) |
| 2:18 | Crear | Villager (Male) |
| 2:18 | Crear | Villager (Male) |
| 2:54 | Crear | Villager (Male) |
| 3:18 | Crear | Villager (Male) |
| 3:18 | Crear | Villager (Male) |
| 3:36 | Crear | Villager (Male) |
| 3:44 | Construir | House |
| 4:05 | Crear | Villager (Male) |
| 4:05 | Crear | Villager (Male) |
| 4:14 | Crear | Villager (Male) |
| 4:14 | Crear | Villager (Male) |
| 4:40 | Construir | Mill |
| 4:48 | Crear | Villager (Male) |
| 5:07 | Crear | Villager (Male) |
| 5:40 | Crear | Villager (Male) |
| 5:46 | Construir | House |
| 6:11 | Crear | Villager (Male) |
| 6:29 | Crear | Villager (Male) |
| 6:48 | Crear | Villager (Male) |
| 7:02 | Construir | Mill |
| 7:18 | Crear | Villager (Male) |
| 7:20 | Investigar | Loom |
| 7:43 | Crear | Villager (Male) |
| 8:05 | Investigar | Feudal Age |
| 9:00 | Construir | Mining Camp |
| 9:24 | Crear | Villager (Male) |
| 9:24 | Crear | Villager (Male) |
| 9:44 | Construir | Palisade Wall |
| 9:48 | Construir | Palisade Wall |
| 9:52 | Construir | Palisade Wall |
| 10:03 | Crear | Villager (Male) |
| 10:31 | Edad | Edad Feudal |
| 10:33 | Construir | Market |
| 10:37 | Construir | Blacksmith |
| 10:48 | Construir | Palisade Wall |
| 11:12 | Crear | Villager (Male) |
| 11:19 | Investigar | Town Watch |
| 12:00 | Investigar | Castle Age |
| 12:17 | Construir | Mining Camp |
| 13:05 | Investigar | Stone Mining |
| 13:43 | Crear | Villager (Male) |
| 14:23 | Crear | Villager (Male) |
| 14:36 | Construir | Palisade Wall |
| 14:40 | Edad | Edad de los Castillos |
| 14:41 | Construir | Palisade Wall |
| 14:43 | Construir | Palisade Wall |
| 14:51 | Construir | Castle |
| 15:06 | Crear | Villager (Male) |
| 15:54 | Crear | Villager (Male) |
| 16:12 | Crear | Arambai |
| 16:12 | Crear | Arambai |
| 16:32 | Crear | Arambai |
| 16:32 | Crear | Arambai |
| 16:36 | Construir | Farm |
| 17:19 | Crear | Arambai |
| 17:45 | Crear | Arambai |
| 17:55 | Construir | Farm |
| 18:01 | Crear | Villager (Male) |
| 18:01 | Crear | Villager (Male) |
| 18:51 | Construir | Monastery |
| 19:10 | Construir | House |
| 19:32 | Crear | Villager (Male) |
| 19:32 | Crear | Villager (Male) |
| 19:33 | Construir | Town Center |
| 19:36 | Crear | Monk |
| 19:48 | Crear | Villager (Male) |
| 19:58 | Crear | Monk |
| 20:02 | Construir | Farm |
| 20:24 | Construir | Siege Workshop |
| 20:46 | Crear | Villager (Male) |
| 20:49 | Crear | Arambai |
| 20:59 | Crear | Monk |
| 21:16 | Crear | Battering Ram |
| 21:16 | Crear | Battering Ram |
| 21:21 | Construir | House |
| 21:24 | Crear | Villager (Male) |
| 21:24 | Crear | Villager (Male) |
| 21:27 | Construir | House |
| 21:45 | Construir | Farm |
| 21:46 | Construir | Farm |
| 21:50 | Crear | Villager (Male) |
| 21:50 | Crear | Villager (Male) |
| 21:59 | Construir | House |
| 22:11 | Crear | Mangonel |
| 22:11 | Crear | Mangonel |
| 22:38 | Construir | House |
| 22:39 | Crear | Villager (Male) |
| 22:39 | Crear | Villager (Male) |
| 22:42 | Construir | Farm |
| 22:44 | Construir | Farm |
| 23:14 | Crear | Mangonel |
| 23:25 | Construir | House |
| 23:30 | Crear | Villager (Male) |
| 23:30 | Crear | Villager (Male) |
| 23:30 | Crear | Villager (Male) |
| 23:33 | Construir | Farm |
| 23:36 | Construir | Farm |
| 23:43 | Construir | Farm |
| 23:52 | Crear | Villager (Male) |
| 23:52 | Crear | Villager (Male) |
| 24:29 | Crear | Mangonel |
| 24:34 | Crear | Villager (Male) |
| 24:35 | Crear | Villager (Male) |
| 24:35 | Crear | Villager (Male) |
| 24:35 | Crear | Villager (Male) |
| 24:38 | Crear | Arambai |
| 24:44 | Investigar | Redemption |
| 25:18 | Investigar | Sanctity |
| 25:43 | Crear | Villager (Male) |
| 25:44 | Crear | Villager (Male) |
| 25:44 | Crear | Villager (Male) |
| 26:09 | Crear | Villager (Male) |
| 26:09 | Crear | Villager (Male) |
| 26:09 | Crear | Villager (Male) |
| 26:16 | Construir | Town Center |
| 26:19 | Construir | Farm |
| 26:20 | Construir | Farm |
| 26:22 | Construir | Farm |
Build order — LittleHog
Primeras 150 de 163 acciones detectadas
| 0:01 | Crear | Villager (Male) |
| 0:01 | Crear | Villager (Male) |
| 0:02 | Crear | Villager (Male) |
| 0:02 | Construir | House |
| 0:03 | Crear | Villager (Male) |
| 0:03 | Crear | Villager (Male) |
| 0:04 | Construir | House |
| 1:20 | Crear | Villager (Male) |
| 2:03 | Crear | Villager (Male) |
| 2:04 | Crear | Villager (Male) |
| 2:23 | Construir | Lumber Camp |
| 2:33 | Crear | Villager (Male) |
| 3:10 | Crear | Villager (Male) |
| 3:40 | Crear | Villager (Male) |
| 3:45 | Crear | Villager (Male) |
| 3:53 | Construir | House |
| 3:56 | Construir | House |
| 4:05 | Construir | Palisade Wall |
| 4:12 | Crear | Villager (Male) |
| 4:17 | Crear | Villager (Male) |
| 4:37 | Construir | Palisade Wall |
| 4:43 | Construir | Mill |
| 4:54 | Construir | Palisade Wall |
| 5:17 | Construir | Palisade Wall |
| 5:24 | Crear | Villager (Male) |
| 5:25 | Crear | Villager (Male) |
| 6:00 | Construir | Palisade Wall |
| 6:02 | Construir | Palisade Wall |
| 6:08 | Investigar | Loom |
| 6:45 | Construir | House |
| 6:52 | Crear | Villager (Male) |
| 7:33 | Construir | Palisade Wall |
| 7:37 | Construir | Palisade Wall |
| 7:40 | Investigar | Feudal Age |
| 8:11 | Crear | Villager (Male) |
| 8:23 | Construir | Palisade Wall |
| 8:56 | Construir | Barracks |
| 8:58 | Construir | Palisade Wall |
| 9:05 | Crear | Villager (Male) |
| 9:47 | Crear | Villager (Male) |
| 9:50 | Edad | Edad Feudal |
| 9:53 | Construir | Pasture |
| 9:56 | Construir | Stable |
| 9:58 | Crear | Villager (Male) |
| 10:49 | Construir | Archery Range |
| 10:52 | Crear | Villager (Male) |
| 10:56 | Construir | Pasture |
| 11:17 | Construir | House |
| 11:18 | Construir | Palisade Wall |
| 11:30 | Crear | Scout Cavalry |
| 11:36 | Construir | Mill |
| 11:49 | Crear | Archer |
| 11:51 | Construir | Mining Camp |
| 11:57 | Crear | Villager (Male) |
| 12:04 | Construir | Palisade Wall |
| 12:25 | Crear | Villager (Male) |
| 12:45 | Crear | Villager (Male) |
| 12:52 | Construir | House |
| 12:54 | Crear | Villager (Male) |
| 12:56 | Construir | Pasture |
| 13:06 | Crear | Archer |
| 13:17 | Crear | Villager (Male) |
| 13:24 | Construir | Pasture |
| 13:34 | Crear | Villager (Male) |
| 13:36 | Crear | Archer |
| 13:48 | Crear | Scout Cavalry |
| 13:56 | Construir | Pasture |
| 14:06 | Crear | Villager (Male) |
| 14:43 | Crear | Archer |
| 15:01 | Crear | Villager (Male) |
| 15:03 | Crear | Villager (Male) |
| 15:04 | Crear | Villager (Male) |
| 15:05 | Construir | Blacksmith |
| 15:56 | Crear | Villager (Male) |
| 15:56 | Crear | Villager (Male) |
| 15:57 | Construir | House |
| 16:22 | Construir | Pasture |
| 16:23 | Crear | Villager (Male) |
| 16:23 | Crear | Villager (Male) |
| 16:30 | Crear | Villager (Male) |
| 16:34 | Construir | Market |
| 16:41 | Construir | Pasture |
| 17:04 | Construir | House |
| 17:05 | Construir | House |
| 17:06 | Construir | Stone Wall |
| 17:09 | Construir | Stone Wall |
| 17:21 | Construir | Watch Tower |
| 17:28 | Crear | Villager (Male) |
| 17:33 | Crear | Archer |
| 17:35 | Crear | Archer |
| 17:51 | Investigar | Castle Age |
| 17:59 | Construir | House |
| 18:12 | Construir | Mining Camp |
| 18:26 | Crear | Archer |
| 18:27 | Crear | Archer |
| 18:32 | Construir | House |
| 18:35 | Construir | House |
| 18:41 | Construir | House |
| 18:53 | Crear | Villager (Male) |
| 18:57 | Construir | House |
| 19:03 | Crear | Archer |
| 19:04 | Crear | Villager (Male) |
| 19:11 | Crear | Villager (Male) |
| 19:19 | Construir | House |
| 19:19 | Crear | Villager (Male) |
| 19:25 | Construir | Lumber Camp |
| 19:26 | Crear | Villager (Male) |
| 19:27 | Construir | House |
| 19:39 | Crear | Archer |
| 19:41 | Crear | Villager (Male) |
| 19:51 | Crear | Villager (Male) |
| 20:05 | Crear | Villager (Male) |
| 20:08 | Construir | Lumber Camp |
| 20:11 | Construir | House |
| 20:16 | Construir | House |
| 20:22 | Crear | Villager (Male) |
| 20:24 | Construir | House |
| 20:25 | Crear | Villager (Male) |
| 20:31 | Edad | Edad de los Castillos |
| 20:36 | Investigar | Fletching |
| 20:36 | Investigar | Fletching |
| 20:38 | Crear | Villager (Male) |
| 20:42 | Crear | Archer |
| 20:47 | Crear | Villager (Male) |
| 20:48 | Crear | Villager (Male) |
| 21:05 | Investigar | Crossbowman (upgrade) |
| 21:12 | Construir | University |
| 21:15 | Crear | Archer |
| 21:16 | Crear | Villager (Male) |
| 21:18 | Crear | Villager (Male) |
| 21:23 | Construir | Watch Tower |
| 21:26 | Crear | Villager (Male) |
| 21:30 | Crear | Villager (Male) |
| 21:43 | Crear | Archer |
| 21:55 | Crear | Villager (Male) |
| 22:12 | Crear | Villager (Male) |
| 22:13 | Crear | Archer |
| 22:24 | Construir | Siege Workshop |
| 22:32 | Crear | Archer |
| 22:33 | Crear | Villager (Male) |
| 22:38 | Investigar | Bodkin Arrow |
| 22:38 | Investigar | Bodkin Arrow |
| 22:39 | Crear | Villager (Male) |
| 23:01 | Crear | Iron Pagoda |
| 23:04 | Crear | Archer |
| 23:28 | Crear | Villager (Male) |
| 23:30 | Crear | Archer |
| 23:48 | Crear | Villager (Male) |
| 23:57 | Crear | Archer |
| 24:10 | Crear | Archer |
Cronología de la partida
| 4:05 | LittleHog · wall_segment Palisade Wall x4 |
| 4:37 | LittleHog · wall_segment Palisade Wall x3 |
| 4:54 | LittleHog · wall_segment Palisade Wall x9 |
| 5:17 | LittleHog · wall_segment Palisade Wall x5 |
| 6:00 | LittleHog · wall_segment Palisade Wall x6 |
| 6:02 | LittleHog · wall_segment Palisade Wall x2 |
| 7:33 | LittleHog · wall_segment Palisade Wall x10 |
| 7:37 | LittleHog · wall_segment Palisade Wall x3 |
| 8:23 | LittleHog · wall_segment Palisade Wall x9 |
| 8:56 | LittleHog · first_building Barracks |
| 8:58 | LittleHog · wall_segment Palisade Wall x1 |
| 9:44 | Big Dota · wall_segment Palisade Wall x1 |
| 9:48 | Big Dota · wall_segment Palisade Wall x2 |
| 9:50 | LittleHog · age_up feudal |
| 9:52 | Big Dota · wall_segment Palisade Wall x1 |
| 9:56 | LittleHog · first_building Stable |
| 10:31 | Big Dota · age_up feudal |
| 10:48 | Big Dota · wall_segment Palisade Wall x1 |
| 10:49 | LittleHog · first_building Archery Range |
| 11:18 | LittleHog · wall_segment Palisade Wall x1 |
| 12:00 | Big Dota · first_market_sell 100 stone |
| 12:04 | LittleHog · wall_segment Palisade Wall x1 |
| 13:36 | Big Dota · first_market_buy 100 stone |
| 14:36 | Big Dota · wall_segment Palisade Wall x1 |
| 14:40 | Big Dota · age_up castle |
| 14:41 | Big Dota · wall_segment Palisade Wall x1 |
| 14:43 | Big Dota · wall_segment Palisade Wall x1 |
| 14:51 | Big Dota · first_building Castle |
| 17:06 | LittleHog · wall_segment Stone Wall x1 |
| 17:09 | LittleHog · wall_segment Stone Wall x2 |
| 17:38 | LittleHog · first_market_buy 100 food |
| 18:51 | Big Dota · first_building Monastery |
| 19:59 | LittleHog · first_market_sell 100 food |
| 20:24 | Big Dota · first_building Siege Workshop |
| 20:31 | LittleHog · age_up castle |
| 22:24 | LittleHog · first_building Siege Workshop |
| 27:24 | LittleHog · resign |
[ ANÁLISIS IA · 1 CRÉDITO ]
¿Qué pasó realmente en esta partida?
Wolo.gg analiza cada decisión: build order, eco, micro, errores típicos por bracket. Análisis personalizado por WhatsApp o Discord en 30 segundos.
Guía civ
Birmanos
Perfil
Jugador #3357289